 Dungeon Crawl Stone Soup version 0.26-a0-466-g989023bd0d (webtiles) character file.

Game seed: 5603197829099051917

8992 graki42 the Thaumaturge (level 11, -4/54 HPs)
             Began as a Deep Elf Fire Elementalist on Aug 13, 2020.
             Was a Priest of Vehumet.
             Slain by a wolf (5 damage)
             ... on level 11 of the Dungeon.
             The game lasted 01:05:33 (11702 turns).

graki42 the Thaumaturge (DEFE)                     Turns: 11702, Time: 01:05:36

Health: -4/54      AC:  7    Str:  8    XL:     11   Next: 17%
Magic:  11/28      EV: 13    Int: 21    God:    Vehumet [***...]
Gold:   393        SH:  6    Dex: 15    Spells: 13/33 levels left

rFire    . . .     SeeInvis .   w - +3 dagger (chaos)
rCold    . . .     Faith    .   z - +1 buckler
rNeg     . . .     Spirit   .   a - +1 robe
rPois    +         Reflect  .   (no helmet)
rElec    .         Harm     .   (no cloak)
rCorr    .                      y - +2 pair of gloves
MR       +....                  o - +0 pair of boots
Stlth    ++........             A - amulet of magic regeneration
HPRegen  0.18/turn              m - +4 ring of slaying
MPRegen  0.46/turn              q - ring of poison resistance

@: invisible
A: no striking features
a: Renounce Religion


You were on level 11 of the Dungeon.
You worshipped Vehumet.
Vehumet was most pleased with you.
You visited 2 branches of the dungeon, and saw 12 of its levels.
You also visited: Sewer.

You collected 581 gold pieces.
You spent 188 gold pieces at shops.

Inventory:

Hand Weapons
 w - a +3 dagger of chaos (weapon)
Armour
 a - a +1 robe (worn)
 o - a +0 pair of boots (worn)
 y - a +2 pair of gloves (worn)
 z - a +1 buckler (worn)
Jewellery
 m - a +4 ring of slaying (left hand)
 q - a ring of poison resistance (right hand)
 r - an uncursed amulet of faith
 A - an amulet of magic regeneration (around neck)
 F - a cursed -4 ring of strength {unknown}
Wands
 E - a wand of polymorph (8)
Scrolls
 c - a scroll of fog {unknown}
 d - 7 scrolls of teleportation
 h - 3 scrolls of blinking
 i - 4 scrolls of remove curse
 n - 3 scrolls of magic mapping {unknown}
 u - 3 scrolls of amnesia {unknown}
 B - a scroll of random uselessness {unknown}
 D - 3 scrolls of identify
 G - a scroll of enchant armour
Potions
 b - a potion of lignification {unknown}
 e - a potion of magic {unknown}
 f - 8 potions of flight
 g - 3 potions of invisibility
 j - 2 potions of stabbing
 k - 2 potions of might
 l - a potion of ambrosia {unknown}
 p - 2 potions of haste
 s - a potion of resistance
 t - 4 potions of heal wounds
 v - 3 potions of curing
 x - 3 potions of berserk rage
 C - a potion of cancellation {unknown}


   Skills:
 - Level 3.0 Dodging
 - Level 3.0 Stealth
 - Level 4.0 Shields
 + Level 11.9 Spellcasting
 + Level 10.2 Conjurations
 - Level 3.0 Hexes
 + Level 10.3 Fire Magic
 - Level 5.0 Ice Magic


You had 13 spell levels left.
You knew the following spells:

 Your Spells              Type           Power        Failure   Level
a - Foxfire               Conj/Fire      ####         1%          1
b - Conjure Flame         Conj/Fire      ######..     1%          3
c - Inner Flame           Hex/Fire       #####...     1%          3
d - Sticky Flame          Conj/Fire      ######..     1%          4
e - Fireball              Conj/Fire      ######....   1%          5
f - Freeze                Ice            ####         1%          1
g - Frozen Ramparts       Ice            ####..       1%          3

Your spell library contained the following spells:

 Spells                   Type           Power        Failure   Level


Dungeon Overview and Level Annotations

Branches:
Dungeon (11/15)            Temple (1/1) D:4            Lair (0/6) D:11
    Orc (0/2) D:10          Sewer (visited)

Altars:
Ashenzari
Cheibriados
Dithmenos
Elyvilon
Gozag
Hepliaklqana
Kikubaaqudgha
Makhleb
Nemelex Xobeh
Okawaru
Qazlal
Ru
Sif Muna
Trog
Uskayaw
Vehumet
Wu Jian
Xom
Yredelemnul
The Shining One

Shops:
D:4 *   D:7 (*(

Portals:
Trove: D:10 (give 5 scrolls of blinking)

Annotations:
D:9 Gastronok


Message History

The black bear growls angrily.
The crocodile burns! x2; The crocodile stops burning.
The gnoll burns!
You kill the gnoll!
Vehumet accepts your kill.
You feel your power returning. The wolf misses you. The wolf bites you.
The gnoll hits you but does no damage. The crocodile completely misses you.
You block the wolf's attack. The wolf bites you!
Casting: Sticky Flame (safe; 1% risk of failure)
Confirm with . or Enter, or press ? or * to list all spells.
Okay, then.
Okay, then.
Okay, then.
You fade into invisibility!
The crocodile burns!
The wolf bites you. The wolf barely misses you. You block the gnoll's attack.
The crocodile bites you!
* * * LOW HITPOINT WARNING * * *
The crocodile bites you.
* * * LOW HITPOINT WARNING * * *
You block the wolf's attack. The wolf bites you.
You die...

##..........#
##..........(.
#.............
#.............
#.............
#..>..........
###..........)..
#.....tht.†.....
.###..@gr.....#
.#....Ph..#####
#P.P..$r...#
#######?
.P.P...hP..#
#....<.Z
.......PP..♣
#...?...
♣..h....P...#
#....†).
.r..P.PP.^.♣P#
#....†..
...P.PP.P....#
#.Y..J.J
....>.P...P.#
#.......


You could see 2 crocodiles, 2 black bears, 2 wolves, 3 porcupines and a gnoll.

Vanquished Creatures
  A two-headed ogre (D:10)
  Sonja (D:10)
  Joseph (D:10)
  Psyche (D:9)
  5 hippogriffs
  A vampire (D:10)
  A yak (D:9)
  3 wyverns
  A water moccasin (D:8)
  7 orc warriors
  A sky beast (D:7)
  A hornet zombie (D:9)
  3 black bears
  An ice beast (D:8)
  A phantom (D:8)
  2 wolves (D:11)
  4 ogres
  A centaur (D:9)
  A crocodile (D:9)
  The ghost of Avack the Conjurer, an amateur KoCj (D:3)
  5 bullfrogs
  3 big kobolds
  A wyvern zombie (D:10)
  4 scorpions
  5 killer bees
  An electric eel (D:6)
  6 wights
  3 howler monkeys
  A centaur zombie (D:7)
  3 bullfrog zombies
  7 hounds
  5 orc priests
  6 jellies
  19 orc wizards
  2 centaur skeletons
  8 worker ants
  An iguana (D:5)
  A killer bee zombie (D:5)
  A hound zombie (D:5)
  2 gnolls (D:11)
  17 adders
  A river rat (Sewer)
  A shadow imp (D:9)
  6 white imps
  2 oozes (D:2)
  An adder skeleton (D:7)
  6 worms
  4 leopard geckos
  54 orcs
  A ball python (D:7)
  10 giant cockroaches
  9 goblins
  3 hobgoblins
  17 jackals
  4 quokkas
  10 bats
  11 frilled lizards
  22 kobolds
  A quokka zombie (D:7)
  10 rats
312 creatures vanquished.

Vanquished Creatures (others)
  783 foxfires
783 creatures vanquished.

Grand Total: 1095 creatures vanquished

Notes
Turn   | Place    | Note
-------+----------+-------------------------------------------
     0 | D:1      | graki42 the Deep Elf Fire Elementalist began the quest for
                  | the Orb.
     0 | D:1      | Reached XP level 1. HP: 10/10 MP: 6/6
   300 | D:1      | Reached XP level 2. HP: 15/15 MP: 5/8
  1149 | D:2      | Reached XP level 3. HP: 19/19 MP: 7/9
  1154 | D:2      | Learned a level 3 spell: Conjure Flame
  1158 | D:2      | Learned a level 3 spell: Inner Flame
  1701 | D:2      | Reached XP level 4. HP: 24/24 MP: 7/11
  1708 | D:2      | Reached skill level 4 in Spellcasting
  2065 | D:3      | Reached XP level 5. HP: 28/28 MP: 6/13
  2303 | D:3      | Learned a level 4 spell: Sticky Flame
  2413 | D:3      | Found a runed translucent door.
  2417 | D:3      | Noticed Avack's ghost (amateur KoCj)
  2427 | D:3      | Reached skill level 1 in Hexes
  2432 | D:3      | Killed Avack's ghost
  2432 | D:3      | Reached XP level 6. HP: 4/32 MP: 6/15
  3231 | D:4      | Found a glowing drain.
  3249 | D:4      | Reached skill level 5 in Spellcasting
  3283 | Sewer    | Entered a sewer
  3409 | Sewer    | Found a white marble altar of Elyvilon.
  3736 | D:4      | Reached skill level 5 in Fire Magic
  3736 | D:4      | Reached XP level 7. HP: 36/36 MP: 11/17
  3835 | D:4      | Reached skill level 5 in Conjurations
  3963 | D:4      | Found a staircase to the Ecumenical Temple.
  3969 | Temple   | Entered the Ecumenical Temple
  4014 | Temple   | Became a worshipper of Vehumet
  4149 | D:4      | Found Lyqem's General Store.
  4152 | D:4      | Bought a scroll of teleportation for 39 gold pieces
  4152 | D:4      | Bought a scroll of fear for 45 gold pieces
  4152 | D:4      | Bought a potion of heal wounds for 65 gold pieces
  4152 | D:4      | Bought a scroll of teleportation for 39 gold pieces
  4187 | D:4      | Found a shadowy altar of Dithmenos.
  4246 | D:4      | Found a snail-covered altar of Cheibriados.
  4246 | D:4      | Found a bloodstained altar of Trog.
  4251 | D:4      | Found a shimmering blue altar of Sif Muna.
  4253 | D:4      | Found a stormy altar of Qazlal.
  4254 | D:4      | Found an opulent altar of Gozag.
  4330 | D:5      | Entered Level 5 of the Dungeon
  4395 | D:5      | Reached skill level 6 in Spellcasting
  4402 | D:5      | Learned a level 5 spell: Fireball
  4456 | D:5      | Noticed a hippogriff
  4462 | D:5      | Killed a hippogriff
  4559 | D:5      | Reached XP level 8. HP: 41/41 MP: 18/20
  4580 | D:5      | Reached skill level 7 in Spellcasting
  4798 | D:5      | Found a sacrificial altar of Ru.
  4815 | D:5      | Reached * piety under Vehumet
  4815 | D:5      | Offered knowledge of Freeze by Vehumet.
  4821 | D:5      | Learned a level 1 spell: Freeze
  5816 | D:6      | Reached skill level 1 in Shields
  6152 | D:6      | Reached skill level 8 in Spellcasting
  6768 | D:7      | Noticed a hippogriff
  6897 | D:7      | Killed a hippogriff
  7022 | D:7      | Found Iziokuc's Antique Weapon Emporium.
  7157 | D:7      | Found Ynuiwakk's Weapon Boutique.
  7193 | D:7      | Reached XP level 9. HP: 45/45 MP: 21/23
  7512 | D:7      | Offered knowledge of Shock by Vehumet.
  7523 | D:7      | Reached ** piety under Vehumet
  7523 | D:7      | Reached skill level 9 in Spellcasting
  7674 | D:7      | Found Xubovom's General Store.
  8305 | D:8      | Found a white marble altar of Elyvilon.
  8443 | D:8      | Offered knowledge of Searing Ray by Vehumet.
  8626 | D:8      | Found a hazy altar of Hepliaklqana.
  9200 | D:9      | Noticed Gastronok
  9239 | D:9      | Reached skill level 10 in Spellcasting
  9447 | D:9      | Reached skill level 1 in Ice Magic
  9447 | D:9      | Reached XP level 10. HP: 50/50 MP: 21/26
  9594 | D:9      | Reached *** piety under Vehumet
 10227 | D:9      | Noticed Psyche
 10234 | D:9      | Killed Psyche
 10303 | D:9      | Offered knowledge of Frozen Ramparts by Vehumet.
 10308 | D:9      | Learned a level 3 spell: Frozen Ramparts
 10609 | D:10     | Entered Level 10 of the Dungeon
 10694 | D:10     | Reached skill level 11 in Spellcasting
 10778 | D:10     | Noticed Sonja
 10780 | D:10     | Killed Sonja
 10863 | D:10     | Noticed a two-headed ogre
 10875 | D:10     | Killed a two-headed ogre
 10875 | D:10     | Reached skill level 10 in Fire Magic
 10979 | D:10     | Reached skill level 10 in Conjurations
 10979 | D:10     | Reached XP level 11. HP: 54/54 MP: 28/28
 11069 | D:10     | Noticed Joseph
 11075 | D:10     | Killed Joseph
 11149 | D:10     | Found a portal to a secret trove of treasure.
 11549 | D:10     | Found a staircase to the Orcish Mines.
 11693 | D:11     | Reached skill level 5 in Ice Magic
 11695 | D:11     | Found a staircase to the Lair.
 11702 | D:11     | HP: 1/54 [crocodile (4)]
 11702 | D:11     | Slain by a wolf

Illustrated notes

Levels and vault maps discovered:
D:1:      saegor_arrival_simple_c, layout_loops_corners, serial_bayou_pond_a
D:2:      layout_basic
D:3:      layout_basic, ebering_ghost_sewer_d
D:4:      layout_rooms, chequers_temple_overflow_minitemple,
          minmay_temple_entry_fiery, serial_shops, shop,
          cheibrodos_sewer_entry_drain, minmay_misc_feat_cross,
          grunt_dithmenos_smoke
D:5:      layout_rooms, nrook_mini_backslash,
          nicolae_ru_great_annihilating_truth
D:6:      layout_basic, kennysheep_decorative_pillar, kennysheep_generic_room_15
D:7:      minmay_inner_zag, layout_basic, serial_shops,
          nicolae_shop_temple_entry_statues_fountains,
          nicolae_shop_overgrown_old_shop, nicolae_shop_waterfront
D:8:      layout_gridville, marbit_many_paths, lemuel_crystal_altar
D:9:      layout_stronghold, minmay_between, uniq_gastronok, uniq_psyche
D:10:     layout_long_grid, david_orc_2, nicolae_trove_entry_columns,
          uniq_sonja, uniq_joseph
D:11:     layout_rooms, minmay_lair_entry_grove, uniq_erica
Temple:   regret_index_temple_waves

Skill      XL: |  1  2  3  4  5  6  7  8  9 10 11 |
---------------+----------------------------------+-----
Conjurations   | 2 3 4 5 7 8 10 | 10.2
Stealth        | 3 |  3.0
Dodging        | 3 |  3.0
Spellcasting   | 4 5 6 8 10 11 | 11.9
Fire Magic     | 4 5 6 7 8 10 | 10.3
Hexes          | 2 3 |  3.0
Shields        | 2 4 |  4.0
Ice Magic      | 1 4 5 |  5.0

Action                   |  1- 3 |  4- 6 |  7- 9 | 10-12 || total
-------------------------+-------+-------+-------+-------++-------
Melee: Dagger            |     3 |    36 |    59 |     9 ||   107
 Cast: Foxfire           |    70 |    79 |   226 |    98 ||   473
       Sticky Flame      |       |     1 |    12 |    10 ||    23
       Conjure Flame     |       |       |    18 |     1 ||    19
       Inner Flame       |       |       |     4 |     5 ||     9
       Fireball          |       |       |     3 |    44 ||    47
       Frozen Ramparts   |       |       |       |     2 ||     2
       Freeze            |       |       |       |     1 ||     1
  Use: Scroll            |       |     4 |    10 |     2 ||    16
       Potion            |       |     1 |       |     1 ||     2
 Stab: Sleeping          |       |     3 |     5 |     4 ||    12
       Distracted        |       |     1 |       |       ||     1
Armor: Robe              |     7 |     9 |    22 |     6 ||    44
Dodge: Dodged            |    24 |    31 |    63 |    20 ||   138
Block: Buckler           |       |       |    14 |    11 ||    25

Table legend: (Time is in decaauts)
 A = Elapsed time spent in this place.
 B = Non-inter-level travel time spent in this place.
 C = Inter-level travel time spent in this place.
 D = Time resting spent in this place.
 E = Time spent auto-exploring this place.
 F = Levels seen in this place.
 G = Mean time per level.
                   A        B        C        D        E       F      G
               +--------+--------+--------+--------+--------+-----+--------+
         Total |  11742 |  11103 |    639 |   2147 |   6665 |  13 |  903.2 |
       Dungeon |  11415 |  10809 |    606 |   2124 |   6516 |  11 | 1037.7 |
        Temple |     78 |     45 |     33 |      0 |     32 |   1 |   78.0 |
         Sewer |    248 |    248 |      0 |     23 |    117 |   1 |  248.0 |
               +--------+--------+--------+--------+--------+-----+--------+

Top non-repeatable levels by time:
     D:9: 1416 daAuts
     D:3: 1335 daAuts
     D:7: 1207 daAuts
     D:5: 1150 daAuts
     D:8: 1139 daAuts
     D:6: 1121 daAuts
     D:1: 1081 daAuts
    D:10: 1077 daAuts
     D:4: 942 daAuts
     D:2: 927 daAuts
   Sewer: 248 daAuts
  Temple: 78 daAuts
    D:11: 16 daAuts
